Map: 2000 Atmospheres LE

Players

Pumba - Winner!

  • Race: Zerg Zerg
  • League: Diamond
  • Spawn Location: 3:00

ExtaseDream

  • Race: Zerg Zerg
  • League: Master
  • Spawn Location: 7:00

VOD

Have the link to the VOD?

Description

Time

  • Played on: Aug. 31, 2021, 7:28 p.m.
  • Length: 4:37
Show
View Real Time Build Order
Export as new Build Order

Pumba Zerg - Winner!

Build Orders: Pool First 

Get SALT Encoding   

  12  0:01  Drone  
  13  0:12  Overlord  
  13  0:17  Drone  
  14  0:30  Drone  
  14  0:31  Drone  
  16  0:37  Drone  
  17  0:45  Extractor  
  17  0:46  Drone  
  17  0:52  Spawning Pool  
  17  0:56  Drone  
  17  1:08  Drone  
  18  1:22  Drone  
  19  1:25  Hatchery  
  18  1:39  Queen  
  20  1:40  Zergling x2  
  20  1:41  Zergling x2  
  22  1:50  Overlord  
  22  1:58  Extractor  
  22  2:00  Zergling x2  
  23  2:11  Zergling x2  
  23  2:14  Queen  
  23  2:15  Metabolic Boost  
  26  2:28  Zergling x2  
  27  2:31  Baneling Nest  
  26  2:40  Drone x2  
  29  2:51  Drone x2  
  29  2:53  Drone  
  30  3:07  Drone  
  30  3:08  Zergling x6  
  33  3:18  Overlord  
  33  3:21  Drone  
  33  3:26  Zergling x4  
  36  3:29  Overlord  
  36  3:39  Lair  
  36  3:42  Extractor  
  36  3:43  Drone x3  
  36  3:46  Baneling x5  
  36  3:48  Baneling  
  38  3:50  Drone  
  39  3:56  Drone  
  39  4:02  Drone  
  41  4:03  Drone  
  41  4:05  Overlord  
  41  4:14  Drone x4  
Show
View Real Time Build Order
Export as new Build Order

ExtaseDream Zerg 

Build Orders: Pool First 

Get SALT Encoding   

  12  0:17  Spawning Pool  
  11  0:21  Drone  
  11  0:26  Drone  
  13  0:31  Drone  
  14  0:42  Overlord  
  14  1:07  Zergling x6  
  14  1:08  Queen  
  19  1:20  Zergling x2  
  20  1:25  Extractor  
  20  1:29  Zergling x2  
  21  1:43  Zergling x2  
  21  1:45  Hatchery  
  21  1:53  Spine Crawler  
  20  1:57  Drone  
  21  2:03  Drone  
  21  2:30  Drone  
  22  2:40  Overlord x2  
  21  2:46  Extractor  
  21  2:48  Drone  
  21  2:56  Queen  
  23  3:00  Drone x2  
  24  3:05  Drone  
  22  3:13  Drone  
  22  3:17  Drone  
  24  3:22  Drone x2, Roach Warren  
  24  3:24  Drone, Extractor  
  24  3:27  Drone  
  26  3:37  Queen  
  28  4:04  Overlord  
  28  4:09  Drone x3  
  31  4:11  Roach  
  31  4:15  Roach  
Tags
 
Add a new tag
Caveats
  • Supply blocks, unpowered buildings, or Contaminate may cause inaccurate times.
  • Supply counts are checked every 10 seconds.